 Dungeon Crawl Stone Soup version 0.19-a0-1912-g48530cd (webtiles) character file.

154 Firecrotchwizard the Skirmisher (level 5, 0/33 HPs)
             Began as a Gargoyle Fighter on Dec 15, 2016.
             Killed by divine providence
             ... invoked by an orc priest
              (13 damage)
             ... on level 4 of the Dungeon.
             The game lasted 00:04:29 (2142 turns).

Firecrotchwizard the Skirmisher (Gargoyle Fighter)  Turns: 2142, Time: 00:04:29

Health: 0/33       AC: 14    Str: 20    XL:     5   Next: 35%
Magic:  5/5        EV:  7    Int:  8    God:
Gold:   181        SH:  9    Dex: 10    Spells: 4/4 levels left

rFire  . . .     SeeInvis .     a - +0 flail
rCold  . . .     Faith    .     b - +0 scale mail
rNeg   + . .     Spirit   .     c - +0 shield
rPois  ∞         Reflect  .     j - +2 hat
rElec  +                        e - +0 cloak
rCorr  .                        (no gloves)
MR     .....                    (no boots)
Stlth  ..........               (no amulet)
                                (no ring)
                                (no ring)

@: no status effects
A: negative energy resistance 1, electricity resistance, unbreathing,
petrification resistance, rot immunity, AC +4
a: no special abilities


You were on level 4 of the Dungeon.
You were not hungry.

You visited 2 branches of the dungeon, and saw 5 of its levels.

You collected 181 gold pieces.

Inventory:

Hand Weapons
 a - a +0 flail (weapon)
Missiles
 r - 56 javelins (quivered)
Armour
 b - a +0 scale mail (worn)
 c - a +0 shield (worn)
 e - a +0 cloak (worn)
 j - a +2 hat (worn)
Wands
 n - a wand of flame (22/48)
Scrolls
 f - a scroll of teleportation {unknown}
 i - a scroll of fog {unknown}
 k - 5 scrolls of enchant weapon {unknown}
 l - 2 scrolls of remove curse {unknown}
 m - a scroll of identify {unknown}
 o - a scroll of enchant armour {unknown}
 q - a scroll of blinking {unknown}
 u - a scroll of amnesia {unknown}
Potions
 d - 2 potions of might
 g - a potion of agility {unknown}
 h - a potion of heal wounds {unknown}
 p - 3 potions of curing {unknown}
 s - a potion of flight {unknown}
 t - a potion of mutation {unknown}


   Skills:
 * Level 4.2 Fighting
 * Level 3.6 Maces & Flails
 + Level 4.0 Armour
 + Level 4.1 Shields


You had 4 spell levels left.
You didn't know any spells.

Dungeon Overview and Level Annotations

Branches:
Dungeon (4/15)             Temple (1/1) D:3
   Lair: D:-1         Crypt: Vaults:-1     Tomb: Vaults:-1

Altars:
Ashenzari
Dithmenos
Elyvilon
Fedhas
Gozag
Hepliaklqana
Kikubaaqudgha
Nemelex Xobeh
Qazlal
Ru
Sif Muna
Trog
Uskayaw
Vehumet
Xom
Yredelemnul
Zin
The Shining One


Innate Abilities, Weirdness & Mutations

You are resistant to torment.
Your stone body is resilient. (AC +4)
You are immune to poison.
You resist negative energy. (rN+)
You are resistant to electric shocks. (rElec)
You can survive without breathing.
You are immune to petrification.
You are immune to rotting.


Message History

The orc priest calls down the wrath of Beogh upon you.
Beogh smites you!
An orc priest comes into view.
The orc priest shouts!
You hear a bark!
An orc wizard comes into view. It is wielding a dagger.
A hound comes into view.
Your shield and scale mail prevent you from hitting the orc wizard.
The hound pauses to sniff the ground.
The orc wizard hits you but does no damage.
You block the orc wizard's attack.
The orc priest calls down the wrath of Beogh upon you.
Beogh smites you!
The orc priest hits you but does no damage.
A quokka comes into view.
You sock the orc priest (7)!
The orc priest is heavily wounded.
The orc wizard closely misses you. The orc wizard barely misses you.
The orc priest invokes the aid of Beogh against you.
Beogh smites you!
You die...

#. ..#
#.####..#
#.......# #
#.......# .#
#..<....#...
#...Z.......
#......##...
#.........#
####@#####.#


#ooo# ...h... ###.o.### ##.## #r# ... #.. You could see a hound, 2 orc priests,
2 orc wizards, a quokka and a hound skeleton.

Vanquished Creatures
  A howler monkey (D:3)
  5 adders
  An ooze (D:3)
  2 dart slugs
  4 leopard geckos
  An orc (D:3)
  A ball python (D:2)
  6 bats
  3 giant cockroaches (D:2)
  6 goblins
  9 hobgoblins
  2 jackals (D:3)
  5 kobolds
  2 quokkas
  5 frilled lizards
  7 rats
60 creatures vanquished.

Notes
Turn   | Place    | Note
-------+----------+-------------------------------------------
     0 | D:1      | Firecrotchwizard the Gargoyle Fighter began the quest for the Orb.
     0 | D:1      | Reached XP level 1. HP: 14/14 MP: 1/1
   186 | D:1      | Reached XP level 2. HP: 19/19 MP: 2/2
   823 | D:2      | Reached XP level 3. HP: 20/23 MP: 3/3
  1121 | D:2      | Reached XP level 4. HP: 26/29 MP: 4/4
  1481 | D:3      | Found a staircase to the Ecumenical Temple.
  1485 | Temple   | Entered the Ecumenical Temple
  1661 | D:3      | Found a deep blue altar of Sif Muna.
  1825 | D:3      | Found a shimmering altar of Xom.
  1912 | D:3      | Reached XP level 5. HP: 31/33 MP: 5/5
  2142 | D:4      | Killed from afar by an orc priest

Vault maps used:
D:1:      dpeg_arrival_rooms_c
D:2:      minmay_tromino_v7
D:3:      lemuel_doored_altar, first_bread, led_sif_book
D:4:      cheibriados_altar_1
Temple:   nicolae_temple_x_marks_the_god

Skill      XL: |  1  2  3  4 |
---------------+-------------+-----
Maces & Flails | 3 |  3.6
Fighting       | 4 |  4.2
Armour         | 4 |  4.0
Shields        | 4 |  4.1

Action                   |  1- 3 |  4- 6 || total
-------------------------+-------+-------++-------
Melee: Flail             |   114 |    97 ||   211
Armor: Scale mail        |    70 |    63 ||   133
Dodge: Dodged            |    35 |    22 ||    57
Block: Shield            |    75 |    39 ||   114
